 Dungeon Crawl Stone Soup version 0.32-a0-886-g41c5271027 (webtiles) character file.

Game seed: 1632065955395460237

1692 Biggs the Skirmisher (level 9, -8/61 HPs)
             Began as a Coglin Hunter on Apr 2, 2024.
             Was an Initiate of Okawaru.
             Mangled by Duvessa
             ... wielding a +3 short sword of venom
              (17 damage)
             ... on level 5 of the Dungeon.
             The game lasted 00:07:52 (5316 turns).

Biggs the Skirmisher (Coglin Hunter)                Turns: 5316, Time: 00:07:53

Health: -8/61      AC:  8    Str: 11    XL:     9   Next: 2%
Magic:  9/9        EV: 15    Int:  8    God:    Okawaru [......]
Gold:   147        SH:  0    Dex: 23    Spells: 8/8 levels left

rFire   . . .        a - +5 sling {Qiang}
rCold   . . .        d - +0 sling {Eiko}
rNeg    + . .        v - +2 leather armour "Etinetojib" {rN+}
rPois   .            (no helmet)
rElec   .            (no cloak)
rCorr   .            q - +2 pair of gloves
SInv    .            (no boots)
Will    .....        (amulet unavailable)
Stlth   ++           (ring unavailable)
HPRegen 0.30/turn    (ring unavailable)
MPRegen 0.11/turn    (no gizmo)

%: no passive effects
@: lethally poisoned (-8 -> -49), revved
A: off-hand wielding, slow wielding, warmup strikes, no jewellery
a: Invent Gizmo, Renounce Religion


You were on level 5 of the Dungeon.
You worshipped Okawaru.
Okawaru was noncommittal.
You visited 2 branches of the dungeon, and saw 6 of its levels.
You also visited: Sewer.

You collected 147 gold pieces.

Inventory:

Hand Weapons
 a - a +5 sling (weapon) {Qiang}
 d - a +0 sling (offhand) {Eiko}
Armour
 q - a +2 pair of gloves (worn)
 v - the +2 leather armour "Etinetojib" (worn) {rN+}
   (You found it on level 3 of the Dungeon)

   rN+:       It protects you from negative energy.
Wands
 x - a wand of flame (18)
Scrolls
 b - a scroll of butterflies
 e - a scroll of teleportation
 g - 2 scrolls of enchant armour
 h - 2 scrolls of poison
 j - 3 scrolls of revelation
 l - a scroll of amnesia
 m - 2 scrolls of immolation
 s - a scroll of silence {unknown}
 w - a scroll of fear {unknown}
Potions
 c - 2 potions of invisibility {unknown}
 f - a potion of enlightenment {unknown}
 i - a potion of curing
 k - 6 potions of cancellation {unknown}
 p - a potion of attraction {unknown}
 r - 2 potions of ambrosia {unknown}
 t - a potion of might {unknown}
 u - 2 potions of brilliance {unknown}
 z - a potion of berserk rage {unknown}


   Skills:
 - Level 2.0 Fighting
 - Level 9.2 Ranged Weapons
 + Level 6.0 Dodging
 - Level 0.7 Stealth


You had 8 spell levels left.
You didn't know any spells.
Your spell library contained the following spells:

 Spells                   Type           Power      Damage    Failure   Level
 Shock                    Conj/Air       0%         1d3       50%         1
 Swiftness                Air            0%         N/A       86%         3
 Airstrike                Air            0%         2d(0-16)  99%         4


Dungeon Overview and Level Annotations

Branches:
Dungeon (5/15)             Temple (1/1) D:5           Sewer (visited)

Altars:
Ashenzari
Cheibriados
Dithmenos
Elyvilon
Fedhas
Gozag
Makhleb
Nemelex Xobeh
Okawaru
Qazlal
Sif Muna
Trog
Vehumet
Wu Jian
Yredelemnul
The Shining One

Annotations:
D:4 1 runed translucent door, Crazy Yiuf
D:5 Duvessa


Innate Abilities, Weirdness & Mutations

You can wield a second weapon in your off-hand.
It takes a long time for you to wield or remove held weapons.
Your first few attacks do less damage.
You cannot equip rings or amulets.


Message History

The sling bullet hits Duvessa but does no damage.
Duvessa is severely wounded.
Duvessa hits you with a +3 short sword of venom!
Duvessa misses you.
You shoot a sling bullet. The sling bullet barely misses Duvessa.
You shoot a sling bullet.
The sling bullet hits Duvessa but does no damage.
Duvessa is severely wounded.
Duvessa hits you with a +3 short sword of venom!
You are poisoned.
You shoot a sling bullet. The sling bullet hits Duvessa!
Duvessa is severely wounded.
You shoot a sling bullet.
The sling bullet hits Duvessa but does no damage.
Duvessa is severely wounded.
You feel very sick.
Duvessa hits you with a +3 short sword of venom.
You are more poisoned.
Duvessa hits you with a +3 short sword of venom!
You are more poisoned.
You are too injured to fight recklessly!
Unknown command.
You are too injured to fight recklessly!
Unknown command.
You are too injured to fight recklessly!
Unknown command.
You are too injured to fight recklessly!
Fire: a) +5 sling {Qiang}
Press: ? - help, Q - select action, (/) - cycle Shift-Dir - straight line, f/p - Duvessa
Aim: Duvessa, wielding a +3 short sword of venom and wearing a +0 scale mail (severely wounded, berserk, 76% to hit)
You shoot a sling bullet.
The sling bullet hits Duvessa but does no damage.
Duvessa is severely wounded.
You shoot a sling bullet. The sling bullet hits Duvessa.
Duvessa is almost dead.
* * * LOW HITPOINT WARNING * * *
You feel extremely sick.
Duvessa hits you with a +3 short sword of venom!
You die...

#########
#.......#
#.......#
#.......##
#........#.
+...e....). #..@#
#...# #...# .#
..########.####...
...†††............
.#######..†.......
+.. #......†...
#..## #..........
+.... #..........
#....


You could see Duvessa (berserk).

Vanquished Creatures
  Grinder (D:5)
  Sigmund (D:2)
  Menkaure (D:4)
  A sky beast (D:3)
  An ogre (D:5)
  A phantom (D:4)
  A kobold brigand (D:3)
  A bullfrog (D:5)
  Dowan (D:5)
  A howler monkey (D:5)
  2 bombardier beetles
  4 hounds
  An orc priest (D:3)
  A sleepcap (D:4)
  4 iguanas
  6 orc wizards
  8 adders
  7 river rats (Sewer)
  A white imp (D:5)
  4 dart slugs
  2 ribbon worms
  6 orcs
  13 ball pythons
  2 bat skeletons (D:2)
  A bat zombie (D:2)
  6 endoplasms
  3 giant cockroaches
  4 goblins
  6 hobgoblins
  3 quokkas
  A ball python skeleton (D:2)
  2 ball python zombies (D:2)
  6 bats
  11 frilled lizards
  3 jackal skeletons (D:2)
  33 kobolds
  A quokka skeleton (D:2)
  A quokka zombie (D:2)
  25 rats
177 creatures vanquished.

Notes
Turn   | Place    | Note
-------+----------+-------------------------------------------
     0 | D:1      | Biggs the Coglin Hunter began the quest for the Orb.
     0 | D:1      | Reached XP level 1. HP: 16/16 MP: 1/1
   614 | D:1      | Reached skill level 4 in Ranged Weapons
   614 | D:1      | Reached XP level 2. HP: 22/22 MP: 2/2
   918 | D:2      | Identified the +12 mace of Usoixu {venom, rF+ Dex+2}
  1047 | D:2      | Reached XP level 3. HP: 27/27 MP: 3/3
  1493 | D:2      | Noticed Sigmund
  1560 | D:2      | Killed Sigmund
  1561 | D:2      | Reached skill level 6 in Ranged Weapons
  1561 | D:2      | Reached XP level 4. HP: 19/33 MP: 4/4
  1561 | D:2      | Reached XP level 5. HP: 22/38 MP: 5/5
  1894 | D:2      | Reached XP level 6. HP: 35/44 MP: 6/6
  2164 | D:3      | Found a glowing drain.
  2171 | Sewer    | Entered a sewer
  2222 | Sewer    | Reached skill level 7 in Ranged Weapons
  2728 | Sewer    | Reached XP level 7. HP: 50/50 MP: 7/7
  2981 | D:3      | Found a stormy altar of Qazlal.
  3003 | D:3      | Identified the +2 leather armour "Etinetojib" {rN+}
  3235 | D:3      | Reached skill level 8 in Ranged Weapons
  3692 | D:3      | Found a shimmering blue altar of Sif Muna.
  3743 | D:3      | Found a bloodstained altar of Trog.
  3946 | D:4      | Found a runed translucent door.
  3947 | D:4      | Noticed Crazy Yiuf
  4075 | D:4      | Reached XP level 8. HP: 56/56 MP: 8/8
  4075 | D:4      | Noticed Menkaure
  4080 | D:4      | Killed Menkaure
  4081 | D:4      | Reached skill level 9 in Ranged Weapons
  5006 | D:5      | Entered Level 5 of the Dungeon
  5205 | D:5      | Noticed Grinder
  5212 | D:5      | Paralysed by Grinder for 3 turns
  5216 | D:5      | Killed Grinder
  5217 | D:5      | Reached skill level 5 in Dodging
  5219 | D:5      | Found a staircase to the Ecumenical Temple.
  5223 | Temple   | Entered the Ecumenical Temple
  5249 | Temple   | Became a worshipper of Warmaster Okawaru
  5304 | D:5      | Noticed Dowan
  5307 | D:5      | Killed Dowan
  5307 | D:5      | Noticed Duvessa
  5308 | D:5      | Reached XP level 9. HP: 61/61 MP: 9/9
  5316 | D:5      | Mangled by Duvessa

Illustrated notes

Levels and vault maps discovered:
D:1:      erik_arrival_orb_chamber, layout_basic, minmay_statues_item
D:2:      layout_basic, serial_undead, serial_undead_a, serial_undead_a,
          serial_undead_c, serial_undead_b, serial_undead_a, serial_undead_c,
          kennysheep_path_1, uniq_sigmund
D:3:      cheibrodos_thug_alley, layout_basic, nicolae_qazlal_beasts_of_the_sky,
          led_sif_pool, trog_book, mainiacjoe_sewer_entry_somewhere_in_here_1,
          minmay_crystal_room, lexackson_kobold_supper
D:4:      layout_basic, uniq_menkaure, uniq_crazy_yiuf_cottage
D:5:      layout_basic, minmay_temple_entry_glassed_door,
          serial_library_hellmonk_filled_rooms, uniq_grinder, uniq_duvessa,
          uniq_edmund
Temple:   nicolae_temple_bog_church

Skill      XL: |  1  2  3  4  5  6  7  8 |
---------------+-------------------------+-----
Ranged Weapons | 4 6 7 8 9 |  9.2
Dodging        | 6 |  6.0
Fighting       | |  2.0
Stealth        | |  0.7

Action                     |  1- 3 |  4- 6 |  7- 9 || total
---------------------------+-------+-------+-------++-------
  Melee: Sling             |       |     8 |       ||     8
   Fire: Sling             |   170 |   304 |   462 ||   936
    Use: Potion            |       |     1 |       ||     1
         Scroll            |       |       |    11 ||    11
 Armour: Leather armour    |     9 |    89 |    43 ||   141
  Dodge: Dodged            |     8 |    41 |    25 ||    74

Table legend: (Time is in decaauts)
 A = Elapsed time spent in this place.
 B = Non-inter-level travel time spent in this place.
 C = Inter-level travel time spent in this place.
 D = Time resting spent in this place.
 E = Time spent auto-exploring this place.
 F = Levels seen in this place.
 G = Mean time per level.
                   A        B        C        D        E       F      G
               +--------+--------+--------+--------+--------+-----+--------+
         Total |   5386 |   5219 |    167 |    311 |   3954 |   7 |  769.4 |
       Dungeon |   4530 |   4377 |    153 |    243 |   3404 |   5 |  906.0 |
        Temple |     42 |     28 |     14 |      0 |      0 |   1 |   42.0 |
         Sewer |    813 |    813 |      0 |     68 |    550 |   1 |  813.0 |
               +--------+--------+--------+--------+--------+-----+--------+

Top non-repeatable levels by time:
     D:2: 1276 daAuts
     D:4: 1117 daAuts
     D:3: 948 daAuts
     D:1: 921 daAuts
   Sewer: 813 daAuts
     D:5: 267 daAuts
  Temple: 42 daAuts
